AoeStats
← Pornelius Hubert

Arena

509791541Analyzed
1v1 RM · 4d ago on Sep 28, 2026· 35m 17s· 2 players
Game mode
Random Map
Map size
Tiny (2 player)
Population
200
Speed
Normal
Resources
Standard
Victory
Conquest
Starting age
Dark Age
Ending age
Imperial Age
RankedLock teamsTeams togetherTeam positionsShared explorationLock speedFull tech treeHidden civsTurbo modeCheats
Victory
Defeat
959
+16
🇦🇷 Malians · Argentina
958
-16
Pornelius Hubert
10:26 Feudal Age
12:04 Double-Bit Axe
13:17 Loom
15:50 Castle Age
14:44 Horse Collar
16:59 Wheelbarrow
18:09 Bow Saw
22:45 Heavy Plow
31:19 Imperial Age
29:10 Gold Mining
31:27 Hand Cart
[LaOn] Vatos Locos 4 ever
11:58 Feudal Age
16:08 Castle Age
15:14 Double-Bit Axe
15:47 Horse Collar
16:30 Crossbowman
22:29 Bow Saw
22:22 Heavy Plow
30:13 Imperial Age
28:33 Gold Mining
28:43 Stone Mining
29:55 Ballistics
32:35 Two-Man Saw
33:36 Chemistry
34:11 Fortified Wall
34:04 Padded Archer Armor
33:54 Fletching
34:05 Scale Mail Armor
36:01 Leather Archer Armor
35:42 Bodkin Arrow
35:58 Forging
36:04 Chain Mail Armor
Connection lost

Rejoining the realm…

Still unreachable

The connection could not be restored.

Session expired

The server has moved on; the page needs a fresh start.